 Dungeon Crawl Stone Soup version 0.18.1-48-g4cf74bf (webtiles) character file.

70 Gargoyl the Skirmisher (level 4, 0/37 HPs)
             Began as a Demonspawn Abyssal Knight on June 26, 2016.
             Was a Follower of Lugonu.
             Slain by Natasha (6 damage)
             ... on level 2 of the Dungeon.
             The game lasted 00:02:41 (1520 turns).

Gargoyl the Skirmisher (Demonspawn Abyssal Knight)  Turns: 1520, Time: 00:02:41

Health: 0/37       AC:  8    Str: 13    XL:     4   Next: 3%
Magic:  6/6        EV:  6    Int: 13    God:    Lugonu [*.....]
Gold:   151        SH:  0    Dex: 13    Spells: 0 memorised, 3 levels left

rFire  . . .     SeeInvis .     a - +1 hand axe
rCold  . . .     Gourm    .     d - +0 chain mail (curse)
rNeg   . . .     Faith    .     (no shield)
rPois  .         Spirit   .     (no helmet)
rElec  .         Dismiss  .     (no cloak)
rCorr  .         Reflect  .     (no gloves)
SustAt .         Harm     .     (no boots)
MR     .....                    (no amulet)
Stlth  ..........               (no ring)
                                (no ring)

@: not resistant to hostile enchantments, extremely unstealthy
A: powered by pain 1, rot immunity
a: Depart the Abyss, Renounce Religion


You were on level 2 of the Dungeon.
You worshipped Lugonu.
Lugonu was aware of your devotion.
You were not hungry.

You visited 1 branch of the dungeon, and saw 2 of its levels.
You visited the Abyss 1 time.

You collected 151 gold pieces.

Inventory:

Hand Weapons
 a - a +1 hand axe (weapon)
Armour
 d - a cursed +0 chain mail (worn)
Scrolls
 b - a scroll of remove curse {unknown}
 e - a scroll of identify {unknown}
 f - a scroll of magic mapping {unknown}
 h - a scroll of amnesia {unknown}
 i - 3 scrolls of teleportation {unknown}
 j - a scroll of noise {unknown}
Potions
 g - a potion of mutation {unknown}
Comestibles
 c - a bread ration
 k - 3 chunks of flesh


   Skills:
 + Level 3.8 Fighting
 + Level 2.1 Axes
 * Level 2.6 Armour
 + Level 1.3 Dodging
 + Level 2.7 Invocations


You had 3 spell levels left.
You didn't know any spells.

Dungeon Overview and Level Annotations

Branches:
Dungeon (2/15)

Altars:

Annotations:
D:2 Natasha


Innate Abilities, Weirdness & Mutations

You sometimes gain a little power by taking damage.
You are immune to rotting.


Message History

Natasha is heavily wounded.
Natasha claws you but does no damage.
You hit Natasha.
Natasha is severely wounded.
Natasha wildly gestures.
Natasha shimmers violently.
Natasha claws you.
You hit Natasha.
Natasha is almost dead.
Natasha claws you. Natasha casts a spell at you. The magic dart hits you!
* * * LOW HITPOINT WARNING * * *
Your chain mail prevents you from hitting Natasha.
Natasha is almost dead.
Natasha barely misses you.
You hit Natasha.
Natasha is almost dead.
Natasha claws you.
You die...

#.#.### #.#†### #...÷..
. #########......
..########..............
........>..#######.#####
...........# #.#
#..........# #.#
#.....h@..÷# #.#
##########.# #.#
.$......))# #.#
..............# #.#
###.....###.#.#
......... >.. ###.....#
### .......# ##......#


You could see Natasha.

Vanquished Creatures
  Natasha (D:2)
  3 giant geckos
  A ball python (D:1)
  6 giant cockroaches
  3 hobgoblins (D:1)
  2 jackals (D:1)
  6 bats (D:1)
  3 giant newts
  7 goblins
  4 kobolds (D:1)
  A rat (D:2)
37 creatures vanquished.

Notes
Turn   | Place    | Note
--------------------------------------------------------------
     0 | Abyss:1  | Gargoyl the Demonspawn Abyssal Knight began the quest for the Orb.
     0 | Abyss:1  | Reached XP level 1. HP: 18/18 MP: 2/2
    72 | Abyss:1  | Found a corrupted altar of Lugonu.
   100 | Abyss:1  | Found a corrupted altar of Lugonu.
   213 | Abyss:2  | Noticed a smoke demon
   226 | Abyss:2  | Noticed a large abomination
   234 | D:1      | Escaped the Abyss
   645 | D:1      | Gained mutation: You are immune to rotting. [demonic ancestry]
   645 | D:1      | Reached XP level 2. HP: 24/24 MP: 3/3
   650 | D:1      | Reached * piety under Lugonu
  1055 | D:1      | Reached skill level 1 in Dodging
  1067 | D:1      | Gained mutation: You sometimes gain a little power by taking damage. [demonic ancestry]
  1067 | D:1      | Reached XP level 3. HP: 26/29 MP: 4/4
  1471 | D:2      | Noticed Natasha
  1484 | D:2      | Killed Natasha
  1486 | D:2      | Reached XP level 4. HP: 24/37 MP: 4/6
  1513 | D:2      | Noticed Natasha
  1520 | D:2      | Slain by Natasha

Skill      XL: |  1  2  3 |
---------------+----------+-----
Armour         | 2 |  2.6
Dodging        | 1 |  1.3
Axes           | 2 |  2.1
Fighting       | |  3.8
Invocations    | |  2.7

Action                   |  1- 3 |  4- 6 || total
-------------------------+-------+-------++-------
Melee: Hand axe          |   130 |     7 ||   137
Invok: Depart the Abyss  |     1 |       ||     1
  Eat: Chunk             |     2 |       ||     2
Armor: Chain mail        |   138 |     4 ||   142
Dodge: Dodged            |    63 |     2 ||    65
